cohdb
Replays
Latest Replays
All Replays
Popular Replays
Top Player Replays
Match Explorer
How It Works
Community
CoH3 Stats
Reddit
Sign in to upload your games and track your stats! →
Sign in with Steam
Match 45620226
Unlisted
Match 45620226
Overview
Messages
Build Orders
End
Scout Squad
Construct Weapon Support Center
Selects Armored Battlegroup
Selects Veteran Crews
M1919 Machine Gun Team
M1919 Machine Gun Team
M1919 Machine Gun Team
Mechanized Support Center
Bazooka Squad
Bazooka Squad
Nałogowy
MisiaczekUwUPolska
T.R. Olvadi
Makros
0
0
Comments
sign in to comment!
No comments posted yet!